TOP OF THE 1ST |
Las Vegas Stars batting - Pitching for Gresham Gold Souls : RHP António Benítez
|
Pitching: RHP António Benítez
|
|
Batting: RHB Xin Zhang
|
0-0: Foul Ball, location: 2F 0-1: Foul Ball, location: 2F 0-2: Strikes out swinging
|
Batting: LHB Evan Slootweg
|
0-0: Ball 1-0: Ball 2-0: Ball 3-0: Called Strike 3-1: Called Strike 3-2: Fly out, F1 (Popup, 23F)
|
Batting: LHB Eliot Helen
|
0-0: Fly out, F9 (Flyball, 89S)
|
Top of the 1st over - 0 run(s), 0 hit(s), 0 error(s), 0 left on base; Las Vegas 0 - Gresham 0 |
BOTTOM OF THE 1ST |
Gresham Gold Souls batting - Pitching for Las Vegas Stars : RHP Ramón Pérez
|
Pitching: RHP Ramón Pérez
|
|
Batting: LHB Salvador Ruíz
|
0-0: Swinging Strike 0-1: Ball 1-1: Foul Ball, location: 2F 1-2: Foul Ball, location: 2F 1-2: Foul Ball, location: 2F 1-2: Reached on error, E3 (Groundball, 3S)
|
Batting: RHB Carlos García
|
0-0: Ball 1-0: Ball 2-0: Called Strike 2-1: Swinging Strike 2-2: DOUBLE (Flyball, 9D) Salvador Ruíz to third
|
Batting: RHB Lorenzo Morín
|
0-0: Called Strike 0-1: Ball 1-1: Ball 2-1: Ball 3-1: Base on Balls
|
Batting: SHB Sean Carr
|
0-0: Ball 1-0: Ball 2-0: Swinging Strike 2-1: Swinging Strike 2-2: Strikes out swinging
|
Batting: RHB Claudio Guerra
|
0-0: Called Strike 0-1: Foul Ball, location: 2F 0-2: Ball 1-2: Ball 2-2: Strikes out looking
|
Batting: RHB Pablo Lucero
|
0-0: Ball 1-0: Ball 2-0: Ball 3-0: Base on Balls Salvador Ruíz scores Carlos García to third Lorenzo Morín to second
|
Batting: RHB George Jost
|
0-0: Ball 1-0: Foul Ball, location: 2F 1-1: Ground out 5-3 (Groundball, 5)
|
Bottom of the 1st over - 1 run(s), 1 hit(s), 1 error(s), 3 left on base; Las Vegas 0 - Gresham 1 |
TOP OF THE 2ND |
Las Vegas Stars batting - Pitching for Gresham Gold Souls : RHP António Benítez
|
Batting: RHB Mike Mills
|
0-0: Ball 1-0: Ball 2-0: Fly out, F8 (Flyball, 8RM)
|
Batting: LHB Fernando De La Cruz
|
0-0: Ball 1-0: Ball 2-0: Foul Ball, location: 2F 2-1: Ground out 3-1 (Groundball, 3)
|
Batting: RHB Matthieu Vancini
|
0-0: Ball 1-0: Ground out 5-3 (Groundball, 5L)
|
Top of the 2nd over - 0 run(s), 0 hit(s), 0 error(s), 0 left on base; Las Vegas 0 - Gresham 1 |
BOTTOM OF THE 2ND |
Gresham Gold Souls batting - Pitching for Las Vegas Stars : RHP Ramón Pérez
|
Batting: RHB Pablo Castillo
|
0-0: Swinging Strike 0-1: Ball 1-1: Foul Ball, location: 2F 1-2: Fly out, F7 (Line Drive, 78S)
|
Batting: SHB Vicente Martínez
|
0-0: Ball 1-0: Foul Ball, location: 2F 1-1: Foul Ball, location: 2F 1-2: Ball 2-2: Strikes out looking
|
Batting: LHB Salvador Ruíz
|
0-0: Ball 1-0: Ball 2-0: Foul Ball, location: 2F 2-1: Foul Ball, location: 2F 2-2: Strikes out swinging
|
Bottom of the 2nd over - 0 run(s), 0 hit(s), 0 error(s), 0 left on base; Las Vegas 0 - Gresham 1 |
TOP OF THE 3RD |
Las Vegas Stars batting - Pitching for Gresham Gold Souls : RHP António Benítez
|
Batting: RHB Ryan Campbell
|
0-0: Ball 1-0: Ball 2-0: Ball 3-0: Base on Balls
|
Batting: RHB Joe Scott
|
0-0: Ball 1-0: Fly out, F5 (Line Drive, 5D)
|
Batting: SHB Sloan James
|
0-0: Ball 1-0: Ball 2-0: SINGLE (Line Drive, 4MD) Ryan Campbell to second Runner from 2nd tries for 3rd, SAFE, throw made to third
|
Pitching: RHP León Trevino
|
|
Batting: RHB Xin Zhang
|
0-0: Ball 1-0: Ball 2-0: Called Strike 2-1: Foul Ball, location: 2F 2-2: Ball 3-2: Base on Balls Sloan James to second
|
Batting: LHB Evan Slootweg
|
0-0: Ball 1-0: Called Strike 1-1: GRAND SLAM HOME RUN (Flyball, 9D), Distance : 382 ft
|
Batting: LHB Eliot Helen
|
0-0: Ball 1-0: Ground out 3-1 (Groundball, 34)
|
Batting: RHB Mike Mills
|
0-0: Called Strike 0-1: Swinging Strike 0-2: Strikes out swinging
|
Top of the 3rd over - 4 run(s), 2 hit(s), 0 error(s), 0 left on base; Las Vegas 4 - Gresham 1 |
BOTTOM OF THE 3RD |
Gresham Gold Souls batting - Pitching for Las Vegas Stars : RHP Ramón Pérez
|
Batting: RHB Carlos García
|
0-0: Ground out 5-3 (Groundball, 56S)
|
Batting: RHB Lorenzo Morín
|
0-0: Ball 1-0: DOUBLE (Flyball, 9LD)
|
Batting: SHB Sean Carr
|
0-0: Called Strike 0-1: Called Strike 0-2: Foul Ball, location: 2F 0-2: Strikes out swinging
|
Batting: RHB Claudio Guerra
|
0-0: Ball 1-0: Ground out 4-3 (Groundball, 4)
|
Bottom of the 3rd over - 0 run(s), 1 hit(s), 0 error(s), 1 left on base; Las Vegas 4 - Gresham 1 |
TOP OF THE 4TH |
Las Vegas Stars batting - Pitching for Gresham Gold Souls : RHP León Trevino
|
Batting: LHB Fernando De La Cruz
|
0-0: Called Strike 0-1: Ball 1-1: Foul Ball, location: 2F 1-2: Ball 2-2: Ball 3-2: Base on Balls
|
Pitching: RHP José González
|
|
Batting: RHB Matthieu Vancini
|
0-0: Swinging Strike 0-1: Foul Ball, location: 2F 0-2: Strikes out swinging
|
Batting: RHB Ryan Campbell
|
0-0: Foul Ball, location: 2F 0-1: Called Strike 0-2: Fly out, F8 (Flyball, 8LS)
|
Batting: RHB Joe Scott
|
0-0: Ball 1-0: Ball 2-0: SINGLE (Flyball, 9LS) Fernando De La Cruz to second Runner from 2nd tries for 3rd, OUT!
|
Top of the 4th over - 0 run(s), 1 hit(s), 0 error(s), 1 left on base; Las Vegas 4 - Gresham 1 |
BOTTOM OF THE 4TH |
Gresham Gold Souls batting - Pitching for Las Vegas Stars : RHP Ramón Pérez
|
Batting: RHB Pablo Lucero
|
0-0: Swinging Strike 0-1: Fly out, F9 (Flyball, 9S)
|
Batting: RHB George Jost
|
0-0: Ball 1-0: Ball 2-0: Ball 3-0: Called Strike 3-1: Base on Balls
|
Batting: RHB Pablo Castillo
|
0-0: Grounds into double play, 1-4-3 (Groundball, 13)
|
Bottom of the 4th over - 0 run(s), 0 hit(s), 0 error(s), 0 left on base; Las Vegas 4 - Gresham 1 |
TOP OF THE 5TH |
Las Vegas Stars batting - Pitching for Gresham Gold Souls : RHP José González
|
Batting: SHB Sloan James
|
0-0: Swinging Strike 0-1: Ball 1-1: Called Strike 1-2: Strikes out swinging
|
Pitching: RHP John Bowden
|
|
Batting: RHB Xin Zhang
|
0-0: Ball 1-0: Foul Ball, location: 2F 1-1: Foul Ball, location: 2F 1-2: Ball 2-2: Foul Ball, location: 2F 2-2: Ground out 4-3 (Groundball, 4)
|
Batting: LHB Evan Slootweg
|
0-0: Ball 1-0: Foul Ball, location: 2F 1-1: Called Strike 1-2: Ball 2-2: Ball 3-2: SOLO HOME RUN (Line Drive, 9LD), Distance : 357 ft
|
Pitching: RHP Jorge Oliva
|
|
Batting: LHB Eliot Helen
|
0-0: Ball 1-0: Ground out 1-3 (Groundball, 15S)
|
Top of the 5th over - 1 run(s), 1 hit(s), 0 error(s), 0 left on base; Las Vegas 5 - Gresham 1 |
BOTTOM OF THE 5TH |
Gresham Gold Souls batting - Pitching for Las Vegas Stars : RHP Ramón Pérez
|
Batting: SHB Vicente Martínez
|
0-0: Foul Ball, location: 2F 0-1: Foul Ball, location: 2F 0-2: Ground out 6-3 (Groundball, 6)
|
Batting: LHB Salvador Ruíz
|
0-0: Ball 1-0: Ball 2-0: Called Strike 2-1: Ground out 1-3 (Groundball, 23)
|
Batting: RHB Carlos García
|
0-0: Ball 1-0: Ball 2-0: Ball 3-0: Called Strike 3-1: Foul Ball, location: 2F 3-2: Foul Ball, location: 2F 3-2: Foul Ball, location: 2F 3-2: Ground out 1-3 (Groundball, 23)
|
Bottom of the 5th over - 0 run(s), 0 hit(s), 0 error(s), 0 left on base; Las Vegas 5 - Gresham 1 |
TOP OF THE 6TH |
Las Vegas Stars batting - Pitching for Gresham Gold Souls : RHP Jorge Oliva
|
Batting: RHB Mike Mills
|
0-0: Swinging Strike 0-1: Foul Ball, location: 2F 0-2: Ball 1-2: Ball 2-2: Strikes out looking
|
Batting: LHB Fernando De La Cruz
|
0-0: Ball 1-0: Called Strike 1-1: SINGLE (Line Drive, 9LS)
|
Batting: RHB Matthieu Vancini
|
0-0: Ball 1-0: Ball 2-0: Called Strike 2-1: Foul Ball, location: 2F 2-2: DOUBLE (Line Drive, 8RM) Fernando De La Cruz to third
|
Batting: RHB Ryan Campbell
|
0-0: Ball 1-0: 3-RUN HOME RUN (Line Drive, 7LD), Distance : 369 ft
|
Batting: RHB Joe Scott
|
0-0: Foul Ball, location: 2F 0-1: Called Strike 0-2: Ball 1-2: Ball 2-2: Foul Ball, location: 2F 2-2: SINGLE (Line Drive, 4D)
|
Batting: SHB Sloan James
|
Pickoff Throw to First - Out! 0-0: Called Strike 0-1: Ground out 4-3 (Groundball, 4M)
|
Top of the 6th over - 3 run(s), 4 hit(s), 0 error(s), 0 left on base; Las Vegas 8 - Gresham 1 |
BOTTOM OF THE 6TH |
Gresham Gold Souls batting - Pitching for Las Vegas Stars : RHP Ramón Pérez
|
Batting: RHB Lorenzo Morín
|
0-0: Called Strike 0-1: Foul Ball, location: 2F 0-2: Ground out 5-3 (Groundball, 56)
|
Batting: SHB Sean Carr
|
0-0: Foul Ball, location: 2F 0-1: Swinging Strike 0-2: Ball 1-2: Foul Ball, location: 2F 1-2: Foul Ball, location: 2F 1-2: SINGLE (Groundball, 56D)
|
Pitching: RHP Bryan Avery
|
|
Batting: RHB Claudio Guerra
|
0-0: Ball 1-0: Ball 2-0: Called Strike 2-1: Foul Ball, location: 2F 2-2: Foul Ball, location: 2F 2-2: SINGLE (Groundball, 56) Sean Carr to second
|
Batting: RHB Pablo Lucero
|
0-0: Called Strike 0-1: Ball 1-1: Ball 2-1: Foul Ball, location: 2F 2-2: Strikes out looking
|
Batting: RHB George Jost
|
0-0: Called Strike 0-1: Ball 1-1: Swinging Strike 1-2: Ball 2-2: Foul Ball, location: 2F 2-2: Ball 3-2: Foul Ball, location: 2F 3-2: Base on Balls Sean Carr to third Claudio Guerra to second
|
Batting: RHB Pablo Castillo
|
0-0: Ball 1-0: Called Strike 1-1: Ball 2-1: Ball 3-1: Foul Ball, location: 2F 3-2: Ground out 6-3 (Groundball, 6MD)
|
Bottom of the 6th over - 0 run(s), 2 hit(s), 0 error(s), 3 left on base; Las Vegas 8 - Gresham 1 |
TOP OF THE 7TH |
Las Vegas Stars batting - Pitching for Gresham Gold Souls : RHP Jorge Oliva
|
Batting: RHB Xin Zhang
|
0-0: Ball 1-0: Ball 2-0: Called Strike 2-1: Ball 3-1: Called Strike 3-2: Foul Ball, location: 2F 3-2: Base on Balls
|
Batting: LHB Evan Slootweg
|
0-0: Bunted foul 0-1: Bunted foul 0-2: Ball 1-2: Ball 2-2: Ball 3-2: Base on Balls Xin Zhang to second
|
Batting: LHB Eliot Helen
|
0-0: Swinging Strike 0-1: Foul Ball, location: 2F 0-2: Ball 1-2: DOUBLE (Flyball, 89M) Xin Zhang scores Evan Slootweg to third
|
Batting: RHB Mike Mills
|
0-0: Ball 1-0: SINGLE (Line Drive, 3) Evan Slootweg scores Eliot Helen to third
|
Batting: LHB Fernando De La Cruz
|
0-0: Foul Ball, location: 2F 0-1: Ball 1-1: Foul Ball, location: 2F 1-2: Ball 2-2: Foul Ball, location: 2F 2-2: Foul Ball, location: 2F 2-2: Foul Ball, location: 2F 2-2: Ball 3-2: Base on Balls Mike Mills to second
|
Batting: RHB Matthieu Vancini
|
0-0: Ball 1-0: Ball 2-0: Foul Ball, location: 2F 2-1: Ball 3-1: Base on Balls Eliot Helen scores Mike Mills to third Fernando De La Cruz to second
|
Batting: RHB Ryan Campbell
|
0-0: Ball 1-0: Ball 2-0: Called Strike 2-1: SINGLE (Groundball, 6M) Mike Mills scores Fernando De La Cruz to third Matthieu Vancini to second Runner from 3rd tries for Home, SAFE, throw made home Matthieu Vancini to third Ryan Campbell to second
|
Pitching: LHP Jack Cartwright
|
|
Batting: RHB Joe Scott
|
0-0: Swinging Strike 0-1: Ball 1-1: Fly out, F8 (Flyball, 89D) Runner from 3rd tags up, SCORES, no throw Ryan Campbell to third
|
Batting: SHB Sloan James
|
0-0: Ball 1-0: Fly out, F9 (Flyball, 9D) Runner from 3rd tags up, SCORES, no throw
|
Batting: RHB Xin Zhang
|
0-0: Ball 1-0: SOLO HOME RUN (Flyball, 7D), Distance : 380 ft
|
Pinch Hitting: RHB Tom Jacobson
|
0-0: Ball 1-0: Ball 2-0: Called Strike 2-1: Fly out, F8 (Flyball, 8RM)
|
Top of the 7th over - 8 run(s), 4 hit(s), 0 error(s), 0 left on base; Las Vegas 16 - Gresham 1 |
BOTTOM OF THE 7TH |
Gresham Gold Souls batting - Pitching for Las Vegas Stars : RHP Bryan Avery
|
Now at 1B: Tom Jacobson
|
|
Batting: SHB Vicente Martínez
|
0-0: Ball 1-0: Called Strike 1-1: Swinging Strike 1-2: Strikes out swinging
|
Batting: LHB Salvador Ruíz
|
0-0: Called Strike 0-1: Ball 1-1: Swinging Strike 1-2: Strikes out swinging
|
Batting: RHB Carlos García
|
0-0: Ball 1-0: Swinging Strike 1-1: Ground out 6-3 (Groundball, 6)
|
Bottom of the 7th over - 0 run(s), 0 hit(s), 0 error(s), 0 left on base; Las Vegas 16 - Gresham 1 |
TOP OF THE 8TH |
Las Vegas Stars batting - Pitching for Gresham Gold Souls : LHP Jack Cartwright
|
Batting: LHB Eliot Helen
|
0-0: Called Strike 0-1: Fly out, F8 (Flyball, 8RM)
|
Batting: RHB Mike Mills
|
0-0: Called Strike 0-1: Foul Ball, location: 2F 0-2: Fly out, F7 (Flyball, 78D)
|
Batting: LHB Fernando De La Cruz
|
0-0: Called Strike 0-1: Ball 1-1: Swinging Strike 1-2: Foul Ball, location: 2F 1-2: Ball 2-2: Ball 3-2: Foul Ball, location: 2F 3-2: Base on Balls
|
Pinch Hitting: RHB Albert Rodríguez
|
0-0: Fly out, F8 (Line Drive, 8LD)
|
Top of the 8th over - 0 run(s), 0 hit(s), 0 error(s), 1 left on base; Las Vegas 16 - Gresham 1 |
BOTTOM OF THE 8TH |
Gresham Gold Souls batting - Pitching for Las Vegas Stars : RHP Bryan Avery
|
Now in LF: Albert Rodríguez
|
|
Batting: RHB Lorenzo Morín
|
0-0: Ball 1-0: Foul Ball, location: 2F 1-1: Foul Ball, location: 2F 1-2: Ball 2-2: Foul Ball, location: 2F 2-2: Ball 3-2: Ground out 6-3 (Groundball, 6)
|
Pitching: RHP António Martínez
|
|
Batting: SHB Sean Carr
|
0-0: Called Strike 0-1: Ball 1-1: Ball 2-1: Fly out, F7 (Flyball, 7LM)
|
Batting: RHB Claudio Guerra
|
0-0: Foul Ball, location: 2F 0-1: Fly out, F8 (Flyball, 8LXD)
|
Bottom of the 8th over - 0 run(s), 0 hit(s), 0 error(s), 0 left on base; Las Vegas 16 - Gresham 1 |
TOP OF THE 9TH |
Las Vegas Stars batting - Pitching for Gresham Gold Souls : LHP Jack Cartwright
|
Batting: RHB Ryan Campbell
|
0-0: Ball 1-0: Called Strike 1-1: Ball 2-1: Reached on error, E6 (Groundball, 6)
|
Batting: RHB Joe Scott
|
0-0: Sac Bunt - play at first, batter OUT! 3-4 Ryan Campbell to second
|
Batting: SHB Sloan James
|
0-0: Ball 1-0: Swinging Strike 1-1: Foul Ball, location: 2F 1-2: SINGLE (Flyball, 6MD) Ryan Campbell to third Runner from 3rd tries for Home, SAFE, throw made home
|
Batting: RHB Xin Zhang
|
0-0: Foul Ball, location: 2F 0-1: Ball 1-1: SINGLE (Groundball, 6MD) Sloan James to second
|
Batting: RHB Tom Jacobson
|
0-0: Called Strike 0-1: Ball 1-1: Fly out, F8 (Flyball, 8RM)
|
Batting: LHB Eliot Helen
|
0-0: Ball 1-0: Ball 2-0: Ball 3-0: Base on Balls Sloan James to third Xin Zhang to second
|
Batting: RHB Mike Mills
|
0-0: Ball 1-0: Ball 2-0: Foul Ball, location: 2F 2-1: Ball 3-1: Foul Ball, location: 2F 3-2: SINGLE (Groundball, 4MD) Sloan James scores Xin Zhang to third Eliot Helen to second Xin Zhang scores Eliot Helen to third
|
Pitching: RHP Douglas Davis
|
|
Batting: LHB Fernando De La Cruz
|
0-0: Ball 1-0: Fly out, F8 (Line Drive, 8LM)
|
Top of the 9th over - 3 run(s), 3 hit(s), 1 error(s), 2 left on base; Las Vegas 19 - Gresham 1 |
BOTTOM OF THE 9TH |
Gresham Gold Souls batting - Pitching for Las Vegas Stars : RHP António Martínez
|
Batting: RHB Pablo Lucero
|
0-0: Ball 1-0: Called Strike 1-1: Ball 2-1: Ball 3-1: Foul Ball, location: 2F 3-2: SINGLE (Groundball, 56D)
|
Batting: RHB George Jost
|
0-0: Ball 1-0: Ball 2-0: Grounds into double play, 6-4-3 (Groundball, 6)
|
Batting: RHB Pablo Castillo
|
0-0: Ball 1-0: Ball 2-0: Foul Ball, location: 2F 2-1: Called Strike 2-2: Ball 3-2: Fly out, F8 (Flyball, 8LS)
|
Bottom of the 9th over - 0 run(s), 1 hit(s), 0 error(s), 0 left on base; Las Vegas 19 - Gresham 1 |
|